Potatish, neutral female gnomish Wizard -- ---- --.-------- ----- |..| |.....-|..----...-----..| |....[.|..........--...-- --....-...............-- --..*................| |...................| --..---...........--- ---- |..---.......-..-- |..| --- |...|<..........-- ---- ---..---|.. |.......---......--- |..-- |......--.- --.--.--- --.......----...----........a-- ------ |..---.*..|......G.........N@| -- -- --------------------......G...G............| -..>............................................h...--.--- - ---------------------..--------.--.....|--- |..- -----..--- |... |.-- --.- --- --- Potatish the Thaumaturge Experience level: 7 Strength: 15 Dexterity: 12 Constitution: 12 Intelligence: 19 Wisdom: 10 Charisma: 9 Health: 0(38) Energy: 5(63) AC: 7 Gold: 173 Moves: 2079 Your Inventory: Coins $ - 173 gold pieces Weapons a - a blessed +1 quarterstaff (weapon in hands) Armor b - an uncursed +1 cloak of magic resistance (being worn) E - an [uncursed] +0 iron skull cap [orcish helm] (being worn) Comestibles n - an [uncursed] slime mold q - an [uncursed] lichen corpse A - an [uncursed] cream pie Scrolls j - an uncursed scroll of light C - 2 [blessed] unlabeled scrolls [of blank paper] D - 2 [uncursed] unlabeled scrolls [of blank paper] Potions g - an uncursed potion of object detection h - a blessed potion of monster detection p - an [uncursed] potion of monster detection B - an [uncursed] ochre potion [of gain energy] F - an [uncursed] orange potion [of invisibility] Rings d - an uncursed ring of slow digestion (on left hand) e - an uncursed +1 ring of increase accuracy Tools r - an [uncursed] lock pick s - an [uncursed oil] lamp u - an [uncursed] towel Gems w - an [uncursed] red gem [worthless glass] z - 2 [uncursed] white gems [diamond] Spells known in the end: Name Level Category Fail Memory a - force bolt 1 attack 0% [||||||||] b - jumping 1 escape 0% [||||||||] Your skills at the end: Fighting Skills Weapon Skills quarterstaff [Basic / Expert] Spellcasting Skills attack spells [Basic / Expert] enchantment spells [Basic / Skilled] Final Attributes: You were piously aligned. Hunger level was 1379. Your alignment was 20 / 20. Monster difficulty range was 0 - 6. Level difficulty was 5. You were magic-protected. You had infravision. You had slower digestion. You were lucky (1). You are dead. Vanquished creatures: a large mimic a gray ooze a ghoul a paper golem a kitten a giant bat 4 orc zombies 7 dwarf zombies an iguana 2 acid blobs 2 coyotes a gas spore 2 hobbits a hobgoblin 2 yellow molds a gnome a garter snake 5 gnome zombies 3 geckos 8 jackals 2 kobolds 2 sewer rats 7 grid bugs a bat 4 lichens a kobold zombie 3 newts 66 creatures vanquished. Voluntary challenges: You used a wielded weapon 36 times. You read items or engraved 3 times. You put on armor 2 times. You never genocided any monsters. You never polymorphed an object. You never changed form. You used no wishes. You never wrote Elbereth's name. You never encountered a bones level. You never used any Sokoban shortcuts. Dungeon overview: The Dungeons of Doom: levels 1 to 3 Level 1 a long staircase Level 2 a general store Level 3 an altar to Thoth, many fountains stairs to The Gnomish Mines The Gnomish Mines: levels 4 to 5 Level 4 stairs to The Dungeons of Doom Level 5 <- You were here History has recorded: On T:1 you entered the Dungeons of Doom to retrieve the Amulet of Yendor! On T:264 you advanced to experience level 2. On T:428 you reached level 2 of The Dungeons of Doom. On T:606 you advanced to experience level 3. On T:633 you advanced to experience level 4. On T:671 you reached level 3 of The Dungeons of Doom. On T:1236 you advanced to experience level 5. On T:1373 you reached level 1 of The Gnomish Mines. On T:1485 you advanced to experience level 6. On T:1762 you reached level 2 of The Gnomish Mines. On T:1973 you advanced to experience level 7. Latest messages: You hit the giant beetle. The giant beetle bites! [HP-8=26] You hit the giant beetle. You hit the giant beetle! The giant beetle bites! [HP-11=15] You miss the giant beetle. The giant beetle bites! [HP-13=2] You stop for the dwarf. [HP+1=3] [HP+1=4] [HP+1=5] [HP+1=6] [HP+1=7] Your feet are frozen to the floor! [HP+1=8] [HP+1=9] The guardian naga hatchling bites! [HP-2=7] The guardian naga hatchling bites! [HP-3=4] The giant beetle bites! You die...